 Dungeon Crawl Stone Soup version 0.21.1-1-g345015fe64 (webtiles) character file.

13232 TimKlarigon the Cardsharp (level 11, -2/75 HPs)
             Began as a Demonspawn Monk on Apr 9, 2018.
             Was a High Priest of Nemelex Xobeh.
             Slain by a bullfrog (4 damage)
             ... on level 11 of the Dungeon.
             The game lasted 00:50:23 (9361 turns).

TimKlarigon the Cardsharp (Demonspawn Monk)         Turns: 9361, Time: 00:50:23

Health: -2/75      AC:  8    Str: 13    XL:     11   Next: 72%
Magic:  23/23      EV: 19    Int: 14    God:    Nemelex Xobeh [*****.]
Gold:   643        SH:  0    Dex: 26    Spells: 8/10 levels left

rFire    + . .     SeeInvis +   L - +2 battleaxe (freeze)
rCold    + . .     Gourm    .   (shield currently unavailable)
rNeg     . . .     Faith    .   M - +1 leather armour {MR+}
rPois    .         Spirit   .   (helmet restricted)
rElec    .         Reflect  .   a - scarf {rC+ rF+}
rCorr    .         Harm     .   (no gloves)
MR       +....                  A - +2 pair of boots
Stlth    ++++......             (no amulet)
HPRegen  0.22/turn              h - +2 ring of dexterity
MPRegen  0.18/turn              x - ring of see invisible

@: agile, lethally poisoned (-2 -> -3)
A: antennae 1, thin skeletal structure 2, powered by pain 1, rot immunity
a: Triple Draw, Deal Four, Stack Five, Renounce Religion


You were on level 11 of the Dungeon.
You worshipped Nemelex Xobeh.
Nemelex Xobeh was extremely pleased with you.
You were not hungry.

You visited 1 branch of the dungeon, and saw 11 of its levels.
You also visited: Ossuary.

You collected 643 gold pieces.

Inventory:

Hand Weapons
 L - a +2 battleaxe of freezing (weapon)
Missiles
 X - 10 javelins (quivered)
Armour
 a - a scarf of resistance (worn)
 d - a +2 leather armour of magic resistance
 A - a +2 pair of boots (worn)
 M - a +1 leather armour of magic resistance (worn)
Jewellery
 h - a +2 ring of dexterity (left hand)
 n - an uncursed amulet of the gourmand {unknown}
 o - an uncursed ring of fire
 p - an uncursed ring of protection from fire
 t - an uncursed ring of resist corrosion
 v - an uncursed ring of fire
 x - a ring of see invisible (right hand)
 E - an uncursed ring of ice
 U - an uncursed ring of protection from fire
 Y - an uncursed ring of magical power
Wands
 r - a wand of paralysis (4)
 u - a wand of polymorph (20)
 C - a wand of scattershot (3)
 F - a wand of acid (1)
 H - a wand of enslavement (10)
 K - a wand of digging (9)
 P - a wand of flame (19)
 V - a wand of random effects (68)
Scrolls
 c - 4 scrolls of remove curse
 e - 6 scrolls of identify
 q - 5 scrolls of fear
 w - a scroll of blinking
 B - a scroll of immolation
 G - 3 scrolls of teleportation
 J - a scroll of fog
 O - a scroll of amnesia
Potions
 f - 2 potions of might {unknown}
 i - 2 potions of brilliance
 l - 5 potions of curing
 N - a potion of haste
Books
 m - a book of Necromancy

   Spells                             Type                      Level
   a - Pain                           Necromancy                   1
   b - Animate Skeleton               Necromancy                   1
   c - Vampiric Draining              Necromancy                   3
   d - Regeneration                   Charms/Necromancy            3
   e - Animate Dead                   Necromancy                   4
   f - Borgnjor's Vile Clutch         Necromancy/Earth             5
 D - a book of Conjurations

   Spells                             Type                      Level
   a - Magic Dart                     Conjuration                  1
   b - Searing Ray                    Conjuration                  2
   c - Dazzling Spray                 Conjuration/Hexes            3
   d - Fulminant Prism                Conjuration/Hexes            4
   e - Force Lance                    Conjuration/Translocation    4
   f - Iskenderun's Mystic Blast      Conjuration                  4
 I - a book of Misfortune

   Spells                             Type                      Level
   a - Confusing Touch                Hexes                        1
   b - Confuse                        Hexes                        3
   c - Gell's Gravitas                Translocation                3
   d - Petrify                        Transmutation/Earth          4
   e - Metabolic Englaciation         Hexes/Ice                    5
   f - Yara's Violent Unravelling     Hexes/Transmutation          5
 Q - a book of Changes

   Spells                             Type                      Level
   a - Beastly Appendage              Transmutation                1
   b - Sticks to Snakes               Transmutation                2
   c - Spider Form                    Transmutation/Poison         3
   d - Ice Form                       Ice/Transmutation            4
   e - Blade Hands                    Transmutation                5
 Z - a book of Beasts

   Spells                             Type                      Level
   a - Summon Butterflies             Summoning                    1
   b - Call Canine Familiar           Summoning                    3
   c - Summon Ice Beast               Ice/Summoning                4
   d - Summon Mana Viper              Hexes/Summoning              5
   e - Summon Hydra                   Summoning                    7
Miscellaneous
 j - a legendary deck of destruction {drawn: 4}
 k - a plain deck of escape {drawn: 1}
 s - an ornate deck of destruction
 S - a plain deck of escape {drawn: 4}
 T - an ornate deck of destruction {drawn: 4}
Comestibles
 b - 20 rations


   Skills:
 - Level 3.0 Fighting
 - Level 7.8 Axes
 + Level 8.9 Armour
 - Level 3.4 Dodging
 - Level 1.7 Stealth
 - Level 2.6 Unarmed Combat
 - Level 17.3 Invocations


You had 8 spell levels left.
You knew the following spells:

 Your Spells              Type           Power        Failure   Level  Hunger
a - Searing Ray           Conj           #.....       47%         2    ###....


Dungeon Overview and Level Annotations

Branches:
Dungeon (11/15)            Temple (0/1) D:5            Lair (0/6) D:11
    Orc: D:9-12

Altars:
Ashenzari
Elyvilon
Gozag
Kikubaaqudgha
Makhleb
Nemelex Xobeh
Okawaru
Qazlal
Ru
Uskayaw
Xom
Yredelemnul
Zin
The Shining One


Innate Abilities, Weirdness & Mutations

You have a pair of small antennae on your head.
You have a moderately thin skeletal structure. (Dex +4, Stealth+)
You sometimes gain a little power by taking damage.
You are immune to rotting.


Message History

Something bites the plant but does no damage.
The gargoyle hits the plant with a mace!
The vampire barely misses you. The vampire bites you!
* * * LOW HITPOINT WARNING * * *
The vampire draws strength from your injuries!
The bullfrog hits you.
* * * LOW HITPOINT WARNING * * *
The ogre hits the plant with a giant club!
The plant is destroyed!
A jackal comes into view.
The walls disappear prematurely!
The bullfrog barely misses you.
The jackal bites something but does no damage.
* * * LOW HITPOINT WARNING * * *
You feel sick. The bullfrog misses you.
Unknown command.
The gargoyle hurls a stone arrow at you.
The stone arrow hits the vampire.
The bullfrog hits you.
You die...
Your body glows with a rainbow of weird colours and disappears.

... ..## ### ...# #.## ...#
######## #..#####
...###......###V@....#
.!.....P....o9.F####.##
.....P....†....h# #..######
<..PP..†P....O..#####......#####.
......††PY..H..o...#######.##....
##T.P..†.........#.# #.##.###
r.P.P.....PP...# .# #.......


P†P..PPP.PPP..# # ##.####. .PP..PPPP..P.P# #.# #. You could see a manticore, a
yak, a vampire (invisible), an orc warrior, a black bear, a gargoyle, an ogre, a
bullfrog and an orc.

Vanquished Creatures
  The ghost of DwarfAlpaca the Fighter, a journeyman GrMo of the Shining One (D:9)
  A two-headed ogre (D:10)
  The ghost of Fetus the Grappler, a novice TrBe of Trog (D:7)
  An unseen horror (D:11)
  A centaur zombie (D:10)
  Maurice (D:8)
  A hornet (D:10)
  3 polar bears (D:9)
  A hippogriff (D:9)
  A shapeshifter (D:8)
  3 yaks (D:10)
  Menkaure (D:5)
  2 hungry ghosts
  Duvessa (D:7)
  A sky beast (D:10)
  2 orc warriors
  3 ice beasts
  4 ogres
  5 centaurs
  2 wolves (D:9)
  A gnoll sergeant (D:10)
  6 bullfrogs
  Dowan (D:7)
  4 scorpions
  A water moccasin skeleton (D:7)
  7 wights
  2 howler monkeys
  An electric eel (D:9)
  3 crimson imps
  A quasit (D:5)
  A centaur skeleton (D:9)
  3 hounds
  2 orc priests
  5 jellies
  5 orc wizards
  2 bullfrog skeletons
  Ijyb (D:4)
  2 iguanas
  4 worker ants
  2 hound skeletons
  A worker ant zombie (D:10)
  A gnoll (D:10)
  8 adders
  A shadow imp (D:7)
  3 oozes
  An adder skeleton (D:6)
  An adder zombie (D:8)
  A worm (D:3)
  7 leopard geckos
  14 orcs
  7 giant cockroaches
  2 goblins (D:3)
  4 hobgoblins
  4 jackals
  4 kobolds
  4 quokkas
  3 bats
  4 frilled lizards
  2 gnoll skeletons (Ossuary)
  A jackal zombie (D:5)
  2 kobold skeletons (Ossuary)
  A leopard gecko skeleton (D:6)
  8 orc skeletons (Ossuary)
  3 rats
  4 fungi (D:11)
  A withered plant (D:5)
182 creatures vanquished.

Vanquished Creatures (collateral kills)
  2 yaks (D:10)
  A wraith (Ossuary)
  A water moccasin (D:10)
  The ghost of Fymir27 the Digger, an amateur GrEE of Elyvilon (D:3)
  An ice beast (D:8)
  2 phantoms (D:5)
  An ogre (D:4)
  A crocodile (D:8)
  Blork the orc (D:5)
  2 bullfrogs (D:8)
  3 howler monkeys
  6 wights
  An orc priest (D:8)
  A bullfrog skeleton (D:5)
  A worker ant (D:5)
  A mummy (Ossuary)
  3 gnolls (D:10)
  3 adders
  A white imp (D:9)
  A worm (D:5)
  2 leopard geckos
  6 orcs
  A bat (D:2)
  A frilled lizard (D:3)
  4 gnoll skeletons (Ossuary)
  A kobold skeleton (Ossuary)
  7 orc skeletons (Ossuary)
56 creatures vanquished.

Vanquished Creatures (others)
  A troll (D:11)
  2 porcupines (D:11)
  An orc warrior (D:8)
  A black bear (D:11)
  3 killer bees (D:11)
  2 orc priests (D:8)
  3 ball lightnings
  An orc (D:8)
  2 jackals (D:4)
  21 fungi (D:11)
  4 plants (D:11)
41 creatures vanquished.

Grand Total: 279 creatures vanquished

Notes
Turn   | Place    | Note
-------+----------+-------------------------------------------
     0 | D:1      | TimKlarigon the Demonspawn Monk began the quest for the Orb.
     0 | D:1      | Reached XP level 1. HP: 18/18 MP: 1/1
   204 | D:1      | Gained mutation: You have a somewhat thin skeletal structure. (Dex +2, Stealth) [demonic ancestry]
   204 | D:1      | Reached XP level 2. HP: 9/24 MP: 2/2
   339 | D:1      | Found a sparkling altar of Nemelex Xobeh.
   367 | D:1      | Became a worshipper of Nemelex Xobeh the Trickster
   367 | D:1      | Received a gift from Nemelex Xobeh
   367 | D:1      | Received a gift from Nemelex Xobeh
   367 | D:1      | Reached * piety under Nemelex Xobeh
   367 | D:1      | Received a gift from Nemelex Xobeh
   367 | D:1      | Reached ** piety under Nemelex Xobeh
   482 | D:2      | Reached skill level 1 in Invocations
   493 | D:2      | Reached skill level 2 in Invocations
   498 | D:2      | Reached XP level 3. HP: 14/29 MP: 4/4
   514 | D:2      | Found a faded altar of an unknown god.
   886 | D:2      | Found a shimmering altar of Xom.
   886 | D:2      | Found a shimmering altar of Xom.
   886 | D:2      | Found a shimmering altar of Xom.
   887 | D:2      | Found a shimmering altar of Xom.
   889 | D:2      | Found a shimmering altar of Xom.
  1014 | D:2      | Found a basalt altar of Yredelemnul.
  1064 | D:3      | Noticed Fymir27's ghost (amateur GrEE)
  1074 | D:3      | Reached skill level 3 in Invocations
  1079 | D:3      | Killed Fymir27's ghost
  1079 | D:3      | Reached skill level 4 in Invocations
  1079 | D:3      | Gained mutation: You are immune to rotting. [demonic ancestry]
  1079 | D:3      | Reached XP level 4. HP: 13/35 MP: 5/7
  1162 | D:3      | Reached skill level 5 in Invocations
  1577 | D:3      | Reached XP level 5. HP: 39/41 MP: 7/9
  1758 | D:3      | Found a sacrificial altar of Ru.
  1974 | D:3      | Reached skill level 6 in Invocations
  2117 | D:4      | Received a gift from Nemelex Xobeh
  2166 | D:4      | Reached skill level 7 in Invocations
  2264 | D:4      | Reached XP level 6. HP: 35/47 MP: 11/11
  2592 | D:4      | Noticed Ijyb
  2599 | D:4      | Killed Ijyb
  2599 | D:4      | Reached skill level 8 in Invocations
  2800 | D:5      | Entered Level 5 of the Dungeon
  2800 | D:5      | Noticed Menkaure
  2802 | D:5      | Killed Menkaure
  2806 | D:5      | Reached *** piety under Nemelex Xobeh
  2844 | D:5      | Reached skill level 9 in Invocations
  2852 | D:5      | Found a glowing golden altar of the Shining One.
  3064 | D:5      | Learned a level 2 spell: Searing Ray
  3089 | D:5      | Found an iron altar of Okawaru.
  3126 | D:5      | Reached XP level 7. HP: 20/52 MP: 12/14
  3183 | D:5      | Found a staircase to the Ecumenical Temple.
  3315 | D:5      | Found an ancient bone altar of Kikubaaqudgha.
  3318 | D:5      | Noticed Grinder
  3551 | D:5      | Noticed Grinder
  3551 | D:5      | Grinder changed into Grinder the quasit
  3567 | D:5      | Killed Grinder the quasit
  3567 | D:5      | Reached skill level 10 in Invocations
  3795 | D:5      | Received a gift from Nemelex Xobeh
  3902 | D:5      | Found a burning altar of Makhleb.
  4050 | D:5      | Reached skill level 11 in Invocations
  4121 | D:5      | Noticed Blork the orc
  4126 | D:5      | Killed Blork the orc
  4242 | D:6      | Received a gift from Nemelex Xobeh
  4254 | D:6      | Gained mutation: You sometimes gain a little power by taking damage. [demonic ancestry]
  4254 | D:6      | Reached XP level 8. HP: 54/58 MP: 16/16
  4308 | D:6      | Reached skill level 12 in Invocations
  4399 | D:6      | Found a hide-covered altar of Uskayaw.
  4571 | D:6      | Found an opulent altar of Gozag.
  4589 | D:6      | Reached **** piety under Nemelex Xobeh
  4589 | D:6      | Received a gift from Nemelex Xobeh
  4736 | D:6      | Reached skill level 1 in Axes
  5049 | D:7      | Noticed Fetus's ghost (novice TrBe)
  5059 | D:7      | Killed Fetus's ghost
  5059 | D:7      | Reached skill level 5 in Axes
  5059 | D:7      | Gained mutation: You have a pair of small antennae on your head. [demonic ancestry]
  5059 | D:7      | Reached XP level 9. HP: 47/63 MP: 18/18
  5137 | D:7      | Received a gift from Nemelex Xobeh
  5253 | D:7      | Noticed Duvessa
  5253 | D:7      | Noticed Dowan
  5265 | D:7      | Killed Duvessa
  5265 | D:7      | Killed Dowan
  5369 | D:7      | Found a white marble altar of Elyvilon.
  5421 | D:7      | Received a gift from Nemelex Xobeh
  5990 | D:8      | Found a sand-covered staircase.
  6018 | D:8      | Found a stormy altar of Qazlal.
  6059 | Ossuary  | Entered an ossuary
  6341 | D:8      | Received a gift from Nemelex Xobeh
  6391 | D:8      | Reached ***** piety under Nemelex Xobeh
  6563 | D:8      | Got a spiked large shield
  6564 | D:8      | Identified the cursed -2 large shield of the Prince {+Inv Dex+2} (You found it on level 8 of the Dungeon)
  6628 | D:8      | Received a gift from Nemelex Xobeh
  6638 | D:8      | Reached skill level 17 in Invocations
  6638 | D:8      | Reached XP level 10. HP: 43/70 MP: 18/22
  6887 | D:8      | Reached skill level 1 in Armour
  6961 | D:8      | Noticed Maurice
  6977 | D:8      | Killed Maurice
  7554 | D:9      | Gained mutation: You have a moderately thin skeletal structure. (Dex +4, Stealth+) [demonic ancestry]
  7554 | D:9      | Reached XP level 11. HP: 41/75 MP: 23/23
  7608 | D:9      | Found a shattered altar of Ashenzari.
  7711 | D:9      | Noticed DwarfAlpaca's ghost (journeyman GrMo)
  7729 | D:9      | Killed DwarfAlpaca's ghost
  7729 | D:9      | Reached skill level 5 in Armour
  8517 | D:9      | Found a glowing silver altar of Zin.
  8558 | D:10     | Entered Level 10 of the Dungeon
  8596 | D:10     | Noticed a two-headed ogre
  8605 | D:10     | Killed a two-headed ogre
  8607 | D:10     | Received a gift from Nemelex Xobeh
  9292 | D:11     | Received a gift from Nemelex Xobeh
  9342 | D:11     | Found a staircase to the Lair.
  9343 | D:11     | Noticed an unseen horror
  9352 | D:11     | Killed an unseen horror
  9357 | D:11     | HP: 2/75 [bullfrog (3)]
  9361 | D:11     | Slain by a bullfrog

Skill      XL: |  1  2  3  4  5  6  7  8  9 10 11 |
---------------+----------------------------------+-----
Dodging        | 3 |  3.4
Invocations    | 2 4 5 7 9 11 12 17 | 17.3
Axes           | 5 7 |  7.8
Armour         | 4 8 |  8.9
Fighting       | |  3.0
Stealth        | |  1.7
Unarmed Combat | |  2.6

Action                   |  1- 3 |  4- 6 |  7- 9 | 10-12 || total
-------------------------+-------+-------+-------+-------++-------
Melee: Unarmed           |    99 |   212 |    55 |       ||   366
       Punch             |       |     5 |       |       ||     5
       Battleaxe         |       |       |   100 |   200 ||   300
 Fire: Blowgun           |       |     9 |       |       ||     9
Throw: Tomahawk          |       |     7 |     8 |       ||    15
       Javelin           |       |       |     1 |    12 ||    13
Invok: Triple Draw       |       |       |       |     1 ||     1
Evoke: Deck              |     2 |     9 |    35 |    21 ||    67
       Wand              |       |       |     2 |     7 ||     9
  Use: Potion            |     1 |     1 |     8 |     7 ||    17
       Scroll            |       |     1 |    12 |     4 ||    17
 Stab: Sleeping          |     6 |     2 |     3 |     3 ||    14
       Petrified         |       |       |     5 |     5 ||    10
       Distracted        |       |       |     1 |     1 ||     2
       Paralysed         |       |       |       |     4 ||     4
  Eat: Chunk             |     1 |     5 |     9 |    10 ||    25
       Ration            |       |       |     1 |     1 ||     2
Armor: Robe              |     8 |       |       |       ||     8
       Leather armour    |    16 |    43 |    75 |    60 ||   194
       Skin              |       |       |       |    34 ||    34
Dodge: Dodged            |    63 |   154 |   150 |   157 ||   524
